 Dungeon Crawl Stone Soup version 0.24.0-125-gc4c63601f3 (webtiles) character file.

Game seed: 8080868511776978132, levelgen mode: deterministic

207 nightchill the Poker (level 5, 0/43 HPs)
             Began as a Merfolk Abyssal Knight on Feb 21, 2020.
             Was a Believer of Lugonu.
             Engulfed by Ijyb's noxious fumes (1 damage)
             ... on level 2 of the Dungeon.
             The game lasted 00:10:50 (2474 turns).

nightchill the Poker (Merfolk Abyssal Knight)       Turns: 2474, Time: 00:10:50

Health: 0/43       AC:  6    Str: 14    XL:     5   Next: 85%
Magic:  7/7        EV: 11    Int: 11    God:    Lugonu [**....]
Gold:   140        SH:  0    Dex: 13    Spells: 4/4 levels left

rFire    . . .     SeeInvis .   a - +1 spear
rCold    . . .     Gourm    .   (no shield)
rNeg     . . .     Faith    .   k - +0 ring mail
rPois    .         Spirit   .   v - +0 helmet
rElec    .         Reflect  .   (no cloak)
rCorr    .         Harm     .   (no gloves)
MR       .....                  (no boots)
Stlth    ..........             (no amulet)
HPRegen  0.14/turn              (no ring)
MPRegen  0.10/turn              (no ring)

@: confused
A: change form in water, swift swim, stealthy swim
a: Depart the Abyss, Bend Space, Renounce Religion


You were on level 2 of the Dungeon.
You worshipped Lugonu.
Lugonu was pleased with you.
You were not hungry.

You visited 1 branch of the dungeon, and saw 3 of its levels.
You visited the Abyss 1 time.

You collected 140 gold pieces.

Inventory:

Hand Weapons
 a - a +1 spear (weapon)
 b - a +0 hunting sling
Missiles
 f - 58 stones (quivered)
 t - 12 poisoned darts
 w - 8 boomerangs
Armour
 k - a +0 ring mail (worn)
 s - a +0 leather armour
 v - a +0 helmet (worn)
Jewellery
 d - a +4 ring of intelligence {unknown}
 j - an uncursed amulet of regeneration {unknown}
 o - a +2 amulet of reflection {unknown}
 r - an uncursed ring of protection from fire {unknown}
Scrolls
 i - a scroll of teleportation {unknown}
 l - a scroll of enchant armour {unknown}
 n - a scroll of blinking {unknown}
 q - a scroll of enchant weapon {unknown}
 x - a scroll of amnesia {unknown}
Potions
 e - a potion of curing
 h - a potion of heal wounds {unknown}
 m - a potion of invisibility {unknown}
 p - a potion of mutation {unknown}
 u - a potion of lignification {unknown}
Comestibles
 c - 2 rations


   Skills:
 + Level 4.5 Fighting
 * Level 6.3 Polearms
 - Level 0.6 Armour
 - Level 2.6 Dodging
 + Level 3.5 Invocations


You had 4 spell levels left.
You didn't know any spells.
Your spell library was empty.

Dungeon Overview and Level Annotations

Branches:
Dungeon (3/15)

Altars:
Sif Muna
Wu Jian
Zin

Annotations:
D:2 Ijyb


Message History

You are more confused.
Ijyb zaps a wand.
Ijyb creates a blast of flame!
You bump into the rock wall.
You are engulfed in noxious fumes.
You choke on the stench!
You are more confused.
Ijyb barely misses you.
Okay, then.
You're too confused to move!
You are engulfed in noxious fumes.
You choke on the stench!
You are more confused.
Ijyb hits you but does no damage.
You are electrocuted!
* * * LOW HITPOINT WARNING * * *
You closely miss Ijyb.
You are engulfed in noxious fumes.
You choke on the stench!
You are more confused.
* * * LOW HITPOINT WARNING * * *
You bump into the rock wall.
You are engulfed in noxious fumes.
You choke on the stench!
You are more confused.
You die...

#.## #.##......### #÷#
########.#...#.#.# #†#
#........#...#.#.# #.#
#..^...........#.#
##.###.#####..........#
#...##.##...........###
#.#.......##.##...########
#...##.#####§##...##......
######..g@§§§#######.####.
######### #.####. #.##...
#.##.#. #....). #.>....
###.### #.# #)#


You could see Ijyb.

Vanquished Creatures
  A bullfrog (D:2)
  An orc wizard (D:2)
  Robin (D:2)
  An adder (D:2)
  2 oozes (D:1)
  2 worms (D:2)
  4 dart slugs
  A leopard gecko (D:2)
  2 orcs (D:3)
  A ball python (D:2)
  7 bats
  2 giant cockroaches (D:1)
  13 goblins
  7 hobgoblins
  7 jackals (D:1)
  6 kobolds
  12 rats
70 creatures vanquished.

Vanquished Creatures (others)
  A leopard gecko (D:3)
1 creature vanquished.

Grand Total: 71 creatures vanquished

Notes
Turn   | Place    | Note
-------+----------+-------------------------------------------
     0 | Abyss:1  | nightchill the Merfolk Abyssal Knight began the quest for
                  | the Orb.
     0 | Abyss:1  | Reached XP level 1. HP: 18/18 MP: 2/2
    51 | Abyss:1  | Noticed a ynoxinul
    52 | Abyss:1  | Noticed a small abomination
    56 | D:1      | Escaped the Abyss
   158 | D:1      | Reached XP level 2. HP: 20/24 MP: 3/3
   263 | D:1      | Reached * piety under Lugonu
   420 | D:1      | Reached skill level 4 in Polearms
   425 | D:1      | Reached XP level 3. HP: 20/29 MP: 4/4
  1289 | D:2      | Reached XP level 4. HP: 37/37 MP: 6/6
  1439 | D:2      | Reached ** piety under Lugonu
  1505 | D:2      | Noticed Robin
  1524 | D:2      | Killed Robin
  1524 | D:2      | Reached skill level 5 in Polearms
  1575 | D:2      | Found a glowing silver altar of Zin.
  1911 | D:2      | Noticed a bullfrog
  1921 | D:2      | Killed a bullfrog
  1921 | D:2      | Reached skill level 6 in Polearms
  1921 | D:2      | Reached XP level 5. HP: 27/43 MP: 7/7
  2173 | D:2      | Found an ornate altar of the Wu Jian Council.
  2387 | D:3      | Found a shimmering blue altar of Sif Muna.
  2433 | D:3      | Noticed Ijyb
  2473 | D:2      | HP: 1/43 [Ijyb] (2)]
  2474 | D:2      | Engulfed by Ijyb's noxious fumes

Levels and vault maps discovered:
D:1:      kennysheep_arrival_forest, layout_basic, chequers_garden,
          minmay_pentomino_z2
D:2:      minmay_angry_zag, layout_loops_cross, lemuel_round_altar,
          nicolae_overflow_crystal_walls, uniq_robin
D:3:      layout_rooms, lemuel_doored_altar, cheibriados_altar_1,
          fedhas_altar_fruit_tree, uniq_ijyb

Skill      XL: |  1  2  3  4 |
---------------+-------------+-----
Polearms       | 4 6 |  6.3
Fighting       | 4 |  4.5
Invocations    | 3 |  3.5
Armour         | |  0.6
Dodging        | |  2.6

Action                   |  1- 3 |  4- 6 || total
-------------------------+-------+-------++-------
Melee: Spear             |   143 |   140 ||   283
Throw: Stone             |       |     1 ||     1
Invok: Depart the Abyss  |     1 |       ||     1
  Use: Scroll            |       |     2 ||     2
 Stab: Sleeping          |     1 |       ||     1
  Eat: Chunk             |     1 |     4 ||     5
Armor: Leather armour    |    37 |       ||    37
       Ring mail         |    12 |    29 ||    41
Dodge: Dodged            |   108 |    50 ||   158
